cohdb
Replays
Latest Replays
All Replays
Popular Replays
Top Player Replays
Match Explorer
How It Works
Community
CoH3 Stats
Reddit
Sign in to upload your games and track your stats! →
Sign in with Steam
Match 45592416
Unlisted
Match 45592416
Overview
Messages
Build Orders
End
Construct Barracks
Engineer Squad
Riflemen Squad
Riflemen Squad
Grenade Package
Riflemen Squad
Selects Advanced Infantry Battlegroup
Selects Convert to Ranger Squad
Mortar Pit
Selects Frontline Medical Station
Infantry Support Center
Frontline Medical Station
Convert to Ranger Squad
Ranger Squad
Convert to Ranger Squad
Selects Ammunition Storage
Advanced Logistics
Selects M2A1 105mm Howitzer Emplacement
Mortar Pit
Selects Ranger Weapon Training
Ranger Squad
紫苏子
dl5277
Heath Lair
ChesTerMUST
991
精锐悍匪梅蓝天
Oncle-Hô
快速魔头号
0
0
Comments
sign in to comment!
No comments posted yet!